 Dungeon Crawl Stone Soup version 0.31-a0-1101-g9ad1905e61 (webtiles) character file.

Game seed: 9739706787777151110

67 funkygono the Magician (level 3, -5/19 HPs)
             Began as a Deep Elf Fire Elementalist on Dec 1, 2023.
             Slain by a gnoll
             ... wielding a +0 spear
              (7 damage)
             ... on level 3 of the Dungeon.
             The game lasted 00:02:50 (1816 turns).

funkygono the Magician (Deep Elf Fire Elementalist) Turns: 1816, Time: 00:02:51

Health: -5/19      AC:  4    Str:  5    XL:     3   Next: 98%
Magic:  1/10       EV: 12    Int: 21    God:
Gold:   133        SH:  0    Dex: 15    Spells: 4/10 levels left

rFire   + . .        k - +1 dagger (drain)
rCold   x . .        (no shield)
rNeg    . . .        a - +0 robe
rPois   .            (no helmet)
rElec   .            (no cloak)
rCorr   +            (no gloves)
SInv    .            c - +1 pair of boots
Will    .....        (no amulet)
Stlth   ++           d - ring of fire
HPRegen 0.23/turn    f - ring of resist corrosion
MPRegen 0.12/turn

%: no passive effects
@: no status effects
A: no striking features
a: no special abilities


You were on level 3 of the Dungeon.
You visited 1 branch of the dungeon, and saw 3 of its levels.

You collected 133 gold pieces.

Inventory:

Hand Weapons
 k - a +1 dagger of draining (weapon)
Armour
 a - a +0 robe (worn)
 c - a +1 pair of boots (worn)
Jewellery
 d - a ring of fire (left hand)
 f - a ring of resist corrosion (right hand)
Scrolls
 e - a scroll of immolation
 g - 2 scrolls of teleportation
 i - a scroll of fear {unknown}
Potions
 b - a potion of magic
 h - a potion of berserk rage {unknown}
 l - a potion of enlightenment


   Skills:
 + Level 2.6 Dodging
 + Level 2.7 Stealth
 + Level 4.3 Spellcasting
 + Level 2.0 Conjurations
 + Level 4.1 Fire Magic


You had 4 spell levels left.
You knew the following spells:

 Your Spells              Type           Power      Damage    Failure   Level
a - Foxfire               Conj/Fire      100%       2x1d9     3%          1
b - Scorch                Fire           64%        2d7       3%          2
c - Inner Flame           Hex/Fire       19%        N/A       16%         3

Your spell library contained the following spells:

 Spells                   Type           Power      Damage    Failure   Level
 Magic Dart               Conj           48%        1d5       5%          1
 Volatile Blastmotes      Fire/Tloc      38%        2d13      16%         3
 Call Imp                 Summ           8%         N/A       19%         2
 Sublimation of Blood     Necr           4%         N/A       19%         2
 Wereblood                Tmut           4%         N/A       19%         2
 Mephitic Cloud           Conj/Pois/Air  7%         N/A       26%         3
 Flame Wave               Conj/Fire      26%        2d8       32%         4
 Summon Hydra             Summ           2%         N/A       100%        7


Dungeon Overview and Level Annotations

Branches:
Dungeon (3/15)

Altars:


Message History

The gnoll is moderately wounded.
The foxfire hits the gnoll.
The gnoll is heavily wounded.
The gnoll closely misses you.
The gnoll hits you from afar with a +0 spear!
Your foxfire dissipates!
The foxfire hits the gnoll.
The gnoll is severely wounded.
The gnoll attacks as it pursues you! The gnoll closely misses you.
Casting: Foxfire (safe; 3% risk of failure)
Confirm with . or Enter, or press ? or * to list all spells.
You feel a surge of power!
You conjure some foxfire!
The gnoll closely misses you.
Your magical contamination has completely faded away.
Casting: Foxfire (safe; 3% risk of failure)
Confirm with . or Enter, or press ? or * to list all spells.
You feel a surge of power!
Flames lash the gnoll.
The gnoll is almost dead.
The gnoll's fire resistance burns away.
The foxfire hits the gnoll.
The gnoll is severely wounded.
The foxfire hits the gnoll.
The gnoll is almost dead.
The gnoll hits you from afar with a +0 spear.
The gnoll closely misses you. The gnoll attacks as it pursues you!
The gnoll hits you from afar with a +0 spear.
* * * LOW HITPOINT WARNING * * *
The gnoll attacks as it pursues you! The gnoll closely misses you.
Casting: Scorch (safe; 3% risk of failure)
Confirm with . or Enter, or press ? or * to list all spells.
You don't have enough magic to cast this spell.
The gnoll attacks as it pursues you! The gnoll barely misses you.
The gnoll attacks as it pursues you! The gnoll barely misses you.
The gnoll is no longer more vulnerable to fire.
The gnoll attacks as it pursues you!
The gnoll hits you from afar with a +0 spear.
* * * LOW HITPOINT WARNING * * *
The gnoll attacks as it pursues you!
The gnoll hits you from afar with a +0 spear!
You die...

#######.###...#
#.#⌠#.###
##.###.#
#####....g.#
#...†....g##
#.#######.# #.#
#g# #.# #.# #.#
#@# #.# #.#
#.##### #.#
#.....# #.#
#####.# #.##
####.###..#
#...<...#.#
#.......#.##
#..........#


You could see 3 gnolls.

Vanquished Creatures
  A gnoll (D:3)
  2 adders (D:2)
  2 dart slugs
  4 bats (D:1)
  3 endoplasms (D:1)
  6 giant cockroaches
  2 hobgoblins
  3 kobolds
  A quokka (D:1)
  4 ball pythons
  A frilled lizard (D:1)
  4 goblins
  2 rats
35 creatures vanquished.

Vanquished Creatures (collateral kills)
  A foxfire (D:1)
1 creature vanquished.

Vanquished Creatures (others)
  91 foxfires
91 creatures vanquished.

Grand Total: 127 creatures vanquished

Notes
Turn   | Place    | Note
-------+----------+-------------------------------------------
     0 | D:1      | funkygono the Deep Elf Fire Elementalist began the quest
                  | for the Orb.
     0 | D:1      | Reached XP level 1. HP: 10/10 MP: 6/6
   176 | D:1      | Found a faded altar of an unknown god.
   273 | D:1      | Reached XP level 2. HP: 15/15 MP: 5/8
  1188 | D:2      | Reached XP level 3. HP: 19/19 MP: 8/10
  1192 | D:2      | Learned a level 2 spell: Scorch
  1200 | D:2      | Learned a level 3 spell: Inner Flame
  1816 | D:3      | Slain by a gnoll

Illustrated notes

Levels and vault maps discovered:
D:1:      sevenhm_arrival_forest_fort_small_5, layout_basic,
          chequers_ecumenical_altar_island, st_stairs_2, serial_bayou_lake_a
D:2:      layout_basic, dk_noncrumbling_3
D:3:      layout_loops_ring, feat_on_display, uniq_terence, uniq_robin,
          uniq_natasha

Skill      XL: |  1  2  3 |
---------------+----------+-----
Fire Magic     | 4 |  4.1
Spellcasting   | 4 |  4.3
Conjurations   | 2 |  2.0
Dodging        | |  2.6
Stealth        | |  2.7

Action                     || total
---------------------------++-------
  Melee: Dagger            ||     8
         Unarmed           ||     1
   Cast: Foxfire           ||    60
         Scorch            ||     5
    Use: Scroll            ||     7
 Armour: Robe              ||     7
  Dodge: Dodged            ||    17

Table legend: (Time is in decaauts)
 A = Elapsed time spent in this place.
 B = Non-inter-level travel time spent in this place.
 C = Inter-level travel time spent in this place.
 D = Time resting spent in this place.
 E = Time spent auto-exploring this place.
 F = Levels seen in this place.
 G = Mean time per level.
                   A        B        C        D        E       F      G
               +--------+--------+--------+--------+--------+-----+--------+
         Total |   1833 |   1799 |     34 |      0 |   1516 |   3 |  611.0 |
       Dungeon |   1833 |   1799 |     34 |      0 |   1516 |   3 |  611.0 |
               +--------+--------+--------+--------+--------+-----+--------+

Top non-repeatable levels by time:
     D:1: 1202 daAuts
     D:2: 462 daAuts
     D:3: 167 daAuts
